 Dungeon Crawl Stone Soup version 0.30-a0-845-g7c6808c8ce (webtiles) character file.

Game seed: 13155625870879143051

265624 IndexError the Marksgargoyle (level 20, -7/114 HPs)
             Began as a Gargoyle Hunter on Mar 3, 2023.
             Was the Champion of Hepliaklqana.
             Killed by the air
             ... invoked by a spriggan air mage
              (21 damage)
             ... in a wizard's laboratory.
             The game lasted 01:53:55 (31478 turns).

IndexError the Marksgargoyle (Gargoyle Hunter)     Turns: 31478, Time: 01:53:56

Health: -7/114     AC: 34    Str: 14    XL:     20   Next: 8%
Magic:  0/34       EV: 32    Int: 12    God:    Hepliaklqana [******]
Gold:   3389       SH:  0    Dex: 25    Spells: 25/39 levels left

rFire   + . .      SeeInvis +    a - +6 arbalest "Ocingus" {elec, Dex+2}
rCold   + . .      Faith    .    (shield currently unavailable)
rNeg    + + .      Spirit   +    z - +2 leather armour "Igiypi" {Contam Str-2 Slay+4 SInv}
rPois   ∞          Reflect  .    K - +2 helmet
rElec   +          Rampage  .    H - +2 cloak
rCorr   .                        e - +1 pair of gloves of Rawnuc {rC+}
Will    +....                    R - +2 pair of boots
Stlth   ++                       c - amulet of guardian spirit {Spirit}
HPRegen 0.39/turn                w - ring of the Hare {EV+10}
MPRegen 0.24/turn                u - ring of Past Mistakes {rF+ rN+ Dex+4}

@: flying, studying 2 skills
A: reduced essence, sickness immunity, AC +15, big wings, negative energy
resistance 1, electricity resistance, torment resistance 1, petrification
resistance
}: 2/15 runes: decaying, serpentine
a: Renounce Religion, Recall Ancestor, Ancestor Identity, Transference, Idealise


You were in a wizard's laboratory.
You worshipped Hepliaklqana.
Hepliaklqana was exalted by your worship.
You visited 7 branches of the dungeon, and saw 32 of its levels.
You visited 1 bazaar.
You also visited: Ossuary, Ice Cave and Wizlab.

You collected 4556 gold pieces.
You spent 1167 gold pieces at shops.

Inventory:

Hand Weapons
 a - the +6 arbalest "Ocingus" (weapon) {elec, Dex+2}
   (You acquired it on level 7 of the Dungeon)

   Dex:       It affects your dexterity (+2).
Armour
 e - the +1 pair of gloves of Rawnuc (worn) {rC+}
   (You acquired it on level 7 of the Dungeon)

   rC:        It protects you from cold.
 p - a scarf of repulsion
   (You found it on level 7 of the Dungeon)
 z - the +2 leather armour "Igiypi" (worn) {Contam Str-2 Slay+4 SInv}
   (You found it on level 2 of the Lair of Beasts)

   Str:       It affects your strength (-2).
   Slay:      It affects your accuracy & damage with ranged weapons and melee
   (+4).
   SInv:      It lets you see invisible.
   Contam:    It causes magical contamination when unequipped.
 H - a +2 cloak (worn)
   (You took it off Maurice on level 8 of the Dungeon)
 J - the -2 hat of the Alchemist {rElec rPois rF+ rC+ rN+ Will+ rMut rCorr}
   (You found it on level 13 of the Dungeon)

   rF:        It protects you from fire.
   rC:        It protects you from cold.
   rElec:     It insulates you from electricity.
   rPois:     It protects you from poison.
   rN:        It protects you from negative energy.
   rCorr:     It protects you from acid and corrosion.
   rMut:      It protects you from mutation.
   Will:      It increases your willpower.
 K - a +2 helmet (worn)
   (You found it on level 9 of the Dungeon)
 R - a +2 pair of boots (worn)
   (You found it on level 12 of the Dungeon)
Jewellery
 c - an amulet of guardian spirit (around neck) {Spirit}
   (You found it on level 15 of the Dungeon)
 u - the ring of Past Mistakes (right hand) {rF+ rN+ Dex+4}
   (You acquired it on level 4 of the Lair of Beasts)

   [ring of positive energy]

   Dex:       It affects your dexterity (+4).
   rF:        It protects you from fire.
   rN:        It protects you from negative energy.
 w - the ring of the Hare (left hand) {EV+10}
   (You took it off a centaur warrior on level 13 of the Dungeon)

   [ring of evasion]

   EV:        It affects your evasion (+10).
 Q - a ring of willpower
   (You found it on level 14 of the Dungeon)
 T - a ring of resist corrosion
   (You found it on level 11 of the Dungeon)
Wands
 A - a wand of charming (34)
   (You found it on level 8 of the Dungeon)
 E - a wand of light (13)
   (You found it in an ossuary)
 G - a wand of iceblast (24)
   (You found it on level 8 of the Dungeon)
 L - a wand of mindburst (23)
   (You found it on level 9 of the Dungeon)
 U - a wand of digging (23)
   (You found it on level 12 of the Dungeon)
 W - a wand of polymorph (13)
   (You found it on level 12 of the Dungeon)
Scrolls
 b - 6 scrolls of immolation {!r}
 d - 3 scrolls of fear
 f - a scroll of torment {!r}
 g - 6 scrolls of teleportation
 j - 2 scrolls of poison
 o - 9 scrolls of enchant weapon
 s - 4 scrolls of butterflies
 v - 2 scrolls of fog
 B - 2 scrolls of silence
 M - a scroll of magic mapping {!r}
 N - 5 scrolls of vulnerability {!r!r}
 P - 15 scrolls of identify
 Y - 3 scrolls of enchant armour
 Z - a scroll of blinking {!r}
Potions
 h - 3 potions of berserk rage {!q}
 i - 13 potions of curing
 k - 2 potions of haste
 m - 4 potions of brilliance
 n - 3 potions of cancellation
 q - 4 potions of heal wounds
 r - 4 potions of resistance
 t - 3 potions of attraction {!q}
 x - 2 potions of ambrosia
 C - 5 potions of mutation {!q}
 D - 3 potions of invisibility
 F - a potion of might
 I - 7 potions of lignification {!q}
 X - a potion of magic
Miscellaneous
 l - a condenser vane
   (You found it on level 14 of the Dungeon)
 y - a lightning rod (4/4)
   (You found it on level 13 of the Dungeon)
 S - a phantom mirror
   (You found it on level 11 of the Dungeon)
 V - a phantom mirror
   (You found it on level 12 of the Dungeon)


   Skills:
 + Level 14.2 Fighting
 + Level 15.9 Ranged Weapons
 * Level 11.4 Armour
 - Level 12.0 Dodging
 - Level 1.1 Stealth
 - Level 10.0 Spellcasting
 - Level 6.0 Hexes
 - Level 10.0 Translocations
 - Level 6.0 Transmutations
 - Level 6.0 Earth Magic
 - Level 12.0 Invocations
 - Level 12.0 Evocations


You had 25 spell levels left.
You knew the following spells:

 Your Spells              Type           Power      Damage    Failure   Level
a - Wereblood             Tmut           20%        N/A       1%          2
b - Passage of Golubria   Tloc           30%        N/A       2%          4
c - Portal Projectile     Hex/Tloc       50%        N/A       1%          3
w - Passwall              Tmut/Erth      16%        N/A       1%          2
A - Ozocubu's Armour      Ice            6%         N/A       38%         3

Your spell library contained the following spells:

 Spells                   Type           Power      Damage    Failure   Level
 Apportation              Tloc           60%        N/A       1%          1
 Beastly Appendage        Tmut           40%        N/A       1%          1
 Sandblast                Erth           40%        2d10      1%          1
 Tukima's Dance           Hex            20%        N/A       3%          3
 Sting                    Tmut/Pois      52%        1d5       4%          1
 Ensorcelled Hibernation  Hex/Ice        26%        N/A       6%          2
 Spider Form              Tmut/Pois      13%        N/A       12%         3
 Stone Arrow              Conj/Erth      26%        3d8       12%         3
 Leda's Liquefaction      Hex/Erth       10%        N/A       12%         4
 Petrify                  Tmut/Erth      20%        N/A       12%         4
 Necrotise                Necr           24%        1d5       14%         1
 Summon Small Mammal      Summ           24%        N/A       14%         1
 Poisonous Vapours        Pois/Air       12%        N/A       22%         2
 Scorch                   Fire           12%        2d5       22%         2
 Lee's Rapid Deconstruct  Erth           10%        3d8*      32%         5
 Yara's Violent Unravell  Hex/Tmut       10%        3d6       32%         5
 Call Canine Familiar     Summ           6%         N/A       38%         3
 Frozen Ramparts          Ice            12%        1d2       38%         3
 Anguish                  Hex/Necr       6%         N/A       38%         4
 Ice Form                 Ice/Tmut       13%        N/A       38%         4
 Irradiate                Conj/Tmut      6%         3d13      75%         5
 Metabolic Englaciation   Hex/Ice        6%         N/A       75%         5
 Flame Wave               Conj/Fire      6%         2d5       80%         4
 Olgreb's Toxic Radiance  Pois           6%         N/A       80%         4
 Summon Ice Beast         Ice/Summ       6%         N/A       80%         4
 Freezing Cloud           Conj/Ice/Air   3%         6-21      98%         5
 Simulacrum               Ice/Necr       3%         N/A       100%        6
 Summon Cactus Giant      Summ           3%         N/A       100%        6
 Polar Vortex             Ice            3%         N/A       100%        9
 Sublimation of Blood     Necr           Unusable   N/A       N/A         2
 Statue Form              Tmut/Erth      Unusable   N/A       N/A         6

Dungeon Overview and Level Annotations

Branches:
Dungeon (15/15)            Temple (1/1) D:5            Lair (5/5) D:11
  Swamp (4/4) Lair:3        Snake (4/4) Lair:3        Slime (0/5) Lair:5
    Orc (2/2) D:12            Elf (0/3) Orc:2        Vaults (1/5) D:14
 Depths (0/4) D:15        Ossuary (visited)           IceCv (visited)
 WizLab (1/1)

Altars:
Ashenzari
Cheibriados
Dithmenos
Elyvilon
Fedhas
Gozag
Hepliaklqana
Kikubaaqudgha
Makhleb
Nemelex Xobeh
Okawaru
Qazlal
Ru
Sif Muna
Trog
Uskayaw
Vehumet
Wu Jian
Xom
Yredelemnul
Zin
The Shining One
Jiyva

Shops:
D:4 !   D:11 (   Orc:2 =?![:   Snake:1 (*[*=   Snake:2 !=   Snake:4 =:=
Vaults:1 :

Portals:
Trove: D:13 (show abyssal rune of Zot)

Annotations:
D:3 1 runed translucent door, Crazy Yiuf
Snake:2 1 runed translucent door, greenbourne's ghost, adept FoIE


Innate Abilities, Weirdness & Mutations

Your life essence is reduced to manifest your ancestor. (-10% HP)
You are immune to sickness and miasma.
Your stone body is resilient. (AC +15)
You are immune to poison.
Your large and strong wings let you fly.
You resist negative energy. (rN+)
You are resistant to electric shocks. (rElec)
You are resistant to unholy torment.
You are immune to petrification.


Message History

The air elemental is engulfed in spectral mist. x3
The spark wasp is engulfed in spectral mist.
The spark wasp barely misses you.
The air elemental is engulfed in spectral mist.
The death drake completely misses you.
The air elemental is engulfed in spectral mist. x2
The spriggan air mage hits you but does no damage.
The spriggan air mage is engulfed in spectral mist.
The spark wasp is engulfed in spectral mist.
The spark wasp misses you.
The air elemental is engulfed in spectral mist.
The apocalypse crab closely misses you.
The apocalypse crab completely misses you.
The death drake closely misses you.
The air elemental is engulfed in spectral mist. x2
The spriggan air mage is engulfed in spectral mist.
Fire: a) +6 arbalest "Ocingus" {elec, Dex+2}
Press: ? - help, Q - select action, (/) - cycle Shift-Dir - straight line, f/p - spark wasp
Aim: a spark wasp (spectral mist, heavily wounded, 70% to hit)
You shoot a bolt. The bolt hits the spark wasp!!
The air elemental is engulfed in spectral mist. x2
The air elemental fires a burst of electricity at you.
The stunning burst hits the spark wasp.
The spark wasp completely resists.
The stunning burst misses you.
The air elemental is engulfed in spectral mist.
The spark wasp is engulfed in spectral mist.
The spark wasp stings you! The spark wasp shocks you. You resist.
The air elemental is engulfed in spectral mist.
The spriggan air mage completely misses you.
The air elemental is engulfed in spectral mist.
The air elemental fires a burst of electricity at you.
The stunning burst hits the spark wasp.
The spark wasp completely resists.
The stunning burst misses you.
The air elemental is engulfed in spectral mist.
The spriggan air mage is engulfed in spectral mist.
The death drake completely misses you.
The ghost crab breathes spectral mist at you.
The spectral mist engulfs the air elemental but does no damage.
The spark wasp is engulfed in spectral mist.
The spark wasp completely misses you.
An apocalypse crab comes into view.
The apocalypse crab completely misses you.
The apocalypse crab closely misses you.
The air elemental is engulfed in spectral mist.
You take 13 damage, and have 37/114 hp.
You now have 14/34 mp.
Fire: a) +6 arbalest "Ocingus" {elec, Dex+2}
Press: ? - help, Q - select action, (/) - cycle Shift-Dir - straight line, f/p - spark wasp
Aim: a spark wasp (spectral mist, almost dead, 70% to hit)
You shoot a bolt. The bolt hits the spark wasp!!
The air elemental is engulfed in spectral mist. x4
The spriggan air mage is engulfed in spectral mist.
The spriggan air mage hits you but does no damage.
The death drake completely misses you.
The air elemental is engulfed in spectral mist.
The air elemental hits you but does no damage.
The ghost crab breathes spectral mist at you.
The spectral mist engulfs the air elemental but does no damage.
The apocalypse crab bites you.
* * * LOW HITPOINT WARNING * * *
You are engulfed in flames.
You resist.
* * * LOW HITPOINT WARNING * * *
The apocalypse crab claws you.
* * * LOW HITPOINT WARNING * * *
You resist with almost no effort.
The spriggan air mage is engulfed in spectral mist.
The spriggan air mage waves its arms in wide circles.
The air twists around and strikes you.
* * * LOW HITPOINT WARNING * * *
The blizzard demon is engulfed in spectral mist.
The spectral demonspawn warmonger hits you!
* * * LOW HITPOINT WARNING * * *
The spectral demonspawn warmonger closely misses you.
The spectral demonspawn warmonger completely misses you.
The spriggan air mage is engulfed in spectral mist.
The spriggan air mage completely misses you.
You take 19 damage, and have 18/114 hp.
You now have 6/34 mp.
Really read
Z - 2 scrolls of blinking {!r}?
Blink to where?
Press: ? - help, Dir - move target
As you read the scroll of blinking {!r}, it crumbles to dust.
The air elemental is engulfed in spectral mist.
The death drake is engulfed in spectral mist.
The wind drake flaps its wings at you. The air twists around and strikes you.
The blizzard demon is engulfed in spectral mist.
The spriggan air mage is engulfed in spectral mist.
The apocalypse crab is engulfed in spectral mist.
The death drake is engulfed in spectral mist.
The death drake completely misses you.
The spriggan air mage is engulfed in spectral mist.
The death drake is engulfed in spectral mist.
The death drake barely misses you.
The apocalypse crab is engulfed in spectral mist.
The blizzard demon hits you.
* * * LOW HITPOINT WARNING * * *
The blizzard demon completely misses you.
The spriggan air mage is engulfed in spectral mist.
The spriggan air mage waves its arms in wide circles.
The air twists around and strikes you!!
You die...

####.....§§.##≈
.§§§.........#≈
##§§.○○°Z.§.§##
#...§§○t○§§§..#
##○## ##t○○##
##Z○i○○##
#.2k☼k..#.
+.@t∩.∩t§#
#.......#§..
##.....## §§
##...## . ##+##


You could see a death drake, a blizzard demon, a wind drake (repels missiles), 2
ghost crabs, 2 apocalypse crabs, a spriggan air mage (repels missiles), a
spectral deep troll earth mage (summoned) and a spectral demonspawn warmonger
(summoned).

Vanquished Creatures
  Vashnia (Snake:2)
  A bone dragon (Swamp:4)
  Kirke (Lair:3)
  Agnes (Snake:2)
  2 nagarajas (Snake:4)
  A fenstrider witch (Swamp:4)
  Donald (Swamp:2)
  Aizul (Snake:3)
  Louise (Snake:4)
  6 eleionomae
  4 bunyips
  3 spark wasps (WizLab)
  A blizzard demon (WizLab)
  Snorg (Lair:3)
  Josephine (Orc:1)
  A shambling mangrove (Swamp:4)
  2 hydras
  A salamander tyrant (Snake:4)
  A great orb of eyes (Vaults:1)
  Harold (D:9)
  4 centaur warriors
  A vault guard (D:14)
  3 ghost crabs
  4 anacondas
  3 two-headed ogres (D:11)
  6 boulder beetles
  6 alligators
  5 death yaks (Lair:5)
  A tengu warrior (D:11)
  12 naga warriors
  21 naga sharpshooters
  2 orc high priests (Orc:2)
  8 shock serpents
  6 spriggans
  A deep elf knight (D:13)
  A skyshark (Lair:3)
  A salamander mystic (Snake:4)
  2 deep trolls (D:15)
  3 skeletal warriors
  A death drake (Swamp:4)
  2 spectral hydras (Swamp:4)
  A swamp dragon (Swamp:1)
  3 goliath frogs (Swamp:2)
  3 spriggan druids
  9 bog bodies
  10 naga ritualists
  A phantasmal warrior (Swamp:4)
  A wizard (D:15)
  3 orc knights (D:15)
  3 deep elf zephyrmancers (Orc:1)
  A lindwurm (Lair:5)
  4 necromancers (Orc:1)
  13 mana vipers
  11 ugly things
  A spectral wolf spider (D:14)
  3 orc sorcerers
  10 deep elf pyromancers
  A spectral ice dragon (D:14)
  A wolf spider (Lair:5)
  2 manticores
  A will-o-the-wisp (Swamp:2)
  14 cyclopes
  3 spectral centaurs (D:14)
  10 salamanders
  Maurice (D:8)
  A cyclops (shapeshifter) (D:13)
  5 elephants (Lair:5)
  45 black mambas
  An ice statue (IceCv)
  2 centaur zombies (D:14)
  10 guardian serpents
  9 cane toads
  4 torpor snails
  4 gargoyles
  2 centaur skeletons (D:14)
  7 naga magi
  A yaktaur (D:13)
  An unseen horror (D:12)
  An efreet (D:13)
  10 freezing wraiths
  2 rime drakes
  A tengu conjurer (D:11)
  13 komodo dragons
  3 swamp worm zombies (Swamp:4)
  3 spectral deep trolls (D:14)
  2 anaconda simulacra (IceCv)
  3 hydra zombies (Swamp:4)
  9 trolls
  Prince Ribbit (D:5)
  6 bloated husks
  3 spectral swamp dragons (Swamp:4)
  5 polar bears
  8 tyrant leeches
  11 dream sheep
  10 hornets
  16 blink frogs
  Grinder (D:3)
  2 alligator zombies (Swamp:4)
  Sigmund (D:4)
  3 flying skulls (D:14)
  3 air elementals (WizLab)
  5 vampires (D:14)
  2 centaur simulacra
  11 wraiths
  A shadow (D:12)
  A dire elephant simulacrum (IceCv)
  14 wyverns
  26 yaks
  5 hogs (Lair:3)
  2 basilisks
  A redback (shapeshifter) (D:11)
  3 steam dragons
  2 death yak simulacra (IceCv)
  7 vampire mosquitoes
  30 nagas
  15 swamp worms
  6 wargs
  2 acid dragons (D:10)
  18 water moccasins
  A hydra simulacrum (IceCv)
  6 hell hounds (D:14)
  A swamp drake (Swamp:1)
  23 orc warriors
  4 sky beasts
  An ice beast (D:6)
  6 black bears
  2 swamp dragon zombies (Swamp:4)
  5 ogres
  6 centaurs
  An ogre (shapeshifter) (D:13)
  A phantom (Swamp:4)
  14 wolves
  Blork the orc (D:4)
  2 kobold brigands
  2 gnoll sergeants
  A deep troll simulacrum (D:14)
  5 bullfrogs
  2 scorpions (D:5)
  7 two-headed ogre simulacra (IceCv)
  2 cane toad simulacra (IceCv)
  4 wights (D:7)
  3 water moccasin zombies (Ossuary)
  4 elephant simulacra (IceCv)
  3 killer bees
  5 howler monkeys
  4 electric eels
  A crimson imp (D:10)
  5 hounds
  17 orc priests
  3 sleepcaps
  A jelly (D:8)
  7 iguanas
  Ijyb (D:4)
  23 orc wizards
  5 troll simulacra (IceCv)
  7 spriggan simulacra (IceCv)
  2 polar bear simulacra (IceCv)
  A boggart simulacrum (D:14)
  A mummy (Ossuary)
  12 gnolls
  A swamp drake zombie (Swamp:4)
  5 adders
  5 naga simulacra (IceCv)
  4 orc skeletons (Orc:1)
  A shadow imp (D:7)
  18 white imps
  8 ufetubi
  2 adder zombies (Ossuary)
  2 worms
  3 dart slugs
  48 orcs
  7 ball pythons
  6 endoplasms
  3 giant cockroaches
  5 gnoll zombies (Ossuary)
  5 goblins
  7 hobgoblins
  6 jackals
  2 quokkas
  8 bats
  5 frilled lizards
  A goblin zombie (D:7)
  A hobgoblin zombie (Ossuary)
  13 kobolds
  4 kobold zombies (Ossuary)
  9 orc zombies
  4 rats (D:1)
980 creatures vanquished.

Vanquished Creatures (collateral kills)
  Bai Suzhen (Snake:4)
  5 nagarajas
  Roxanne (D:15)
  An eleionoma (Swamp:3)
  A vampire knight (D:13)
  A fire dragon (Lair:5)
  An ettin (D:14)
  2 hydras
  Fannar (D:10)
  A ghost crab (Swamp:4)
  2 centaur warriors
  A catoblepas (D:13)
  5 anacondas
  A two-headed ogre (D:13)
  An alligator (Swamp:4)
  4 naga warriors
  2 death yaks (Lair:5)
  2 orc high priests (Orc:2)
  2 shock serpents
  6 naga sharpshooters
  A goliath frog (Swamp:1)
  A skeletal warrior (D:14)
  3 salamander mystics (Snake:4)
  A spectral hydra (Swamp:4)
  An orc knight (Orc:2)
  3 bog bodies
  A naga ritualist (Snake:3)
  A deep elf zephyrmancer (Orc:1)
  A wizard (D:15)
  7 mana vipers
  A manticore (D:11)
  2 ugly things
  A wolf spider (Lair:5)
  2 cyclopes (D:11)
  A will-o-the-wisp (Swamp:4)
  3 salamanders
  An elephant (Lair:5)
  8 naga magi
  5 guardian serpents
  18 black mambas
  2 torpor snails (Lair:5)
  3 cane toads
  An unseen horror (D:11)
  3 komodo dragons
  2 freezing wraiths (D:14)
  A rime drake (Lair:4)
  An anaconda simulacrum (IceCv)
  A tyrant leech (Swamp:3)
  2 polar bears (Lair:5)
  A wolf spider simulacrum (D:14)
  3 dream sheep (Lair:5)
  7 blink frogs
  4 hornets (Lair:5)
  2 hogs (Lair:3)
  A spriggan (Swamp:3)
  2 wraiths
  7 yaks
  A wyvern (Lair:5)
  A basilisk (Lair:3)
  A vampire mosquito (D:12)
  A death yak simulacrum (IceCv)
  A redback (Lair:5)
  10 nagas
  A swamp worm (Swamp:4)
  5 water moccasins
  6 orc warriors
  A meliai simulacrum (D:14)
  2 swamp dragon zombies (Swamp:4)
  2 orc skeletons (Orc:1)
  A wolf (Lair:3)
  A centaur (D:15)
  2 phantoms (Swamp:4)
  A scorpion (shapeshifter) (D:13)
  A water moccasin zombie (Ossuary)
  A cane toad simulacrum (IceCv)
  A scorpion (D:10)
  A cyclops skeleton (Orc:1)
  A troll zombie (Orc:1)
  2 howler monkeys
  A gnoll bouda (D:8)
  6 orc priests
  A spectral swamp drake (Swamp:4)
  3 orc wizards
  A boggart skeleton (D:14)
  2 ogre skeletons (Orc:1)
  A mummy (Ossuary)
  A gnoll (D:10)
  4 white imps
  An ufetubus (IceCv)
  2 orc simulacra (Orc:1)
  5 orcs
  2 kobolds (D:8)
  3 kobold zombies (Ossuary)
  4 orc zombies (Ossuary)
  A quokka zombie (D:7)
228 creatures vanquished.

Vanquished Creatures (others)
  A spriggan air mage (WizLab)
  A deep elf zephyrmancer (Orc:1)
  2 bloated husks (Swamp:4)
  3 air elementals (WizLab)
  2 phantoms (Swamp:4)
  22 knights
  2 ancestors
  An orc (D:10)
  5 bushes (Lair:5)
  12 foxfires
  24 fungi
  85 plants
160 creatures vanquished.

Grand Total: 1368 creatures vanquished

Notes
Turn   | Place    | Note
-------+----------+-------------------------------------------
     0 | D:1      | IndexError the Gargoyle Hunter began the quest for the Orb.
     0 | D:1      | Reached XP level 1. HP: 12/12 MP: 1/1
    42 | D:1      | Reached XP level 2. HP: 7/18 MP: 2/2
   201 | D:1      | Reached XP level 3. HP: 17/22 MP: 3/3
   429 | D:1      | Found a faded altar of an unknown god.
   868 | D:2      | Reached skill level 3 in Fighting
   904 | D:2      | Reached skill level 5 in Ranged Weapons
  1087 | D:2      | Found a blossoming altar of Fedhas.
  1112 | D:2      | Reached XP level 4. HP: 23/28 MP: 4/4
  1706 | D:3      | Noticed Grinder
  1713 | D:3      | Paralysed by Grinder for 5 turns
  1722 | D:3      | Paralysed by Grinder for 4 turns
  1728 | D:3      | Killed Grinder
  1729 | D:3      | Reached skill level 4 in Fighting
  1729 | D:3      | Reached skill level 6 in Ranged Weapons
  1729 | D:3      | Reached XP level 5. HP: 17/33 MP: 5/5
  1729 | D:3      | Reached XP level 6. HP: 20/38 MP: 6/6
  1967 | D:3      | Found a white marble altar of Elyvilon.
  2436 | D:3      | Found a runed translucent door.
  2437 | D:3      | Noticed Crazy Yiuf
  2725 | D:4      | Noticed a black bear
  2825 | D:4      | Killed a black bear
  2863 | D:4      | Noticed Ijyb
  2891 | D:4      | Killed Ijyb
  2892 | D:4      | Reached skill level 7 in Ranged Weapons
  3082 | D:4      | Noticed Sigmund
  3103 | D:4      | Killed Sigmund
  3104 | D:4      | Reached skill level 5 in Fighting
  3104 | D:4      | Reached XP level 7. HP: 33/44 MP: 7/7
  3177 | D:4      | Noticed Blork the orc
  3183 | D:4      | Killed Blork the orc
  3261 | D:4      | Found Rellyfiy's Distillery.
  3593 | D:5      | Entered Level 5 of the Dungeon
  3707 | D:5      | Noticed Prince Ribbit
  3717 | D:5      | Killed Prince Ribbit
  3718 | D:5      | Reached skill level 6 in Fighting
  3718 | D:5      | Reached skill level 8 in Ranged Weapons
  3718 | D:5      | Reached XP level 8. HP: 51/51 MP: 8/8
  3950 | D:5      | Reached skill level 9 in Ranged Weapons
  4083 | D:5      | Found an opulent altar of Gozag.
  4083 | D:5      | Found a sparkling altar of Nemelex Xobeh.
  4492 | D:5      | Found a staircase to the Ecumenical Temple.
  4503 | Temple   | Entered the Ecumenical Temple
  4684 | Temple   | Became a worshipper of Hepliaklqana the Forgotten
  4867 | D:6      | Reached skill level 7 in Fighting
  5003 | D:6      | Reached skill level 10 in Ranged Weapons
  5003 | D:6      | Reached XP level 9. HP: 44/57 MP: 9/9
  5641 | D:7      | Identified 2 scrolls of acquirement
  5641 | D:7      | Acquired the +1 pair of gloves of Rawnuc {rC+}
  5648 | D:7      | Acquired the +6 arbalest "Ocingus" {elec, Dex+2}
  5753 | D:7      | Noticed a deep elf pyromancer
  5757 | D:7      | Killed a deep elf pyromancer
  5758 | D:7      | Reached skill level 8 in Fighting
  5758 | D:7      | Reached skill level 11 in Ranged Weapons
  5853 | D:7      | Reached * piety under Hepliaklqana
  5953 | D:7      | Found a shimmering altar of Xom.
  5953 | D:7      | Found a blossoming altar of Fedhas.
  5953 | D:7      | Found an iron altar of Okawaru.
  6012 | D:7      | Found a sand-covered staircase.
  6021 | Ossuary  | Entered an ossuary
  6608 | D:8      | Reached skill level 9 in Fighting
  6608 | D:8      | Reached XP level 10. HP: 59/59 MP: 10/10
  6614 | D:8      | Reached skill level 12 in Ranged Weapons
  6702 | D:8      | Reached ** piety under Hepliaklqana
  6734 | D:8      | Noticed Maurice
  6754 | D:8      | Killed Maurice
  7321 | D:9      | Remembered your ancestor Tertia as a knight
  7337 | D:9      | Reached skill level 13 in Ranged Weapons
  7338 | D:9      | Reached skill level 10 in Fighting
  7517 | D:9      | Found the +7 staff of the Meek {protect, meekguard}
  7652 | D:9      | Noticed Harold
  7658 | D:9      | Killed Harold
  7691 | D:10     | Entered Level 10 of the Dungeon
  7694 | D:10     | Reached XP level 11. HP: 65/65 MP: 11/11
  7719 | D:10     | Noticed Fannar
  7723 | D:10     | Killed Fannar
  7724 | D:10     | Reached skill level 14 in Ranged Weapons
  7754 | D:10     | Found the Hermit's Pendant {Faith Invo=14 Evo=0 MP+5}
  8095 | D:10     | Reached *** piety under Hepliaklqana
  8246 | D:11     | Reached skill level 11 in Fighting
  8586 | D:11     | Noticed a cyclops
  8587 | D:11     | Killed a cyclops
  8684 | D:11     | Reached skill level 15 in Ranged Weapons
  8698 | D:11     | Noticed a two-headed ogre
  8705 | D:11     | Killed a two-headed ogre
  8713 | D:11     | Reached skill level 12 in Fighting
  8800 | D:11     | Found Suyffy's Antique Weapon Shoppe.
  8805 | D:11     | Noticed a two-headed ogre
  8816 | D:11     | Killed a two-headed ogre
  8839 | D:11     | Reached skill level 13 in Fighting
  8990 | D:11     | Learned a level 2 spell: Passwall
  8993 | D:11     | Learned a level 2 spell: Wereblood
  9001 | D:11     | Noticed a skeletal warrior
  9001 | D:11     | Noticed a cyclops
  9009 | D:11     | Killed a cyclops
  9010 | D:11     | Reached skill level 1 in Armour
  9010 | D:11     | Reached skill level 1 in Spellcasting
  9010 | D:11     | Reached skill level 1 in Invocations
  9010 | D:11     | Reached XP level 12. HP: 75/75 MP: 11/13
  9035 | D:11     | Reached skill level 2 in Armour
  9035 | D:11     | Reached skill level 2 in Invocations
  9061 | D:11     | Reached skill level 2 in Spellcasting
  9075 | D:11     | Noticed a boulder beetle
  9086 | D:11     | Noticed a shock serpent
  9090 | D:11     | a shock serpent changed into a two-headed ogre
  9090 | D:11     | Noticed a two-headed ogre (glowing shapeshifter)
  9091 | D:11     | a two-headed ogre changed into a swamp dragon
  9096 | D:11     | Killed a boulder beetle
  9097 | D:11     | Reached skill level 3 in Armour
  9097 | D:11     | Reached skill level 3 in Invocations
  9113 | D:11     | Reached skill level 3 in Spellcasting
  9120 | D:11     | Found a staircase to the Lair.
  9234 | D:11     | Noticed a two-headed ogre
  9242 | D:11     | Reached skill level 4 in Armour
  9242 | D:11     | Reached skill level 4 in Invocations
  9243 | D:11     | Killed a two-headed ogre
  9309 | D:11     | Noticed a tengu warrior
  9320 | D:11     | Killed a tengu warrior
  9324 | D:11     | Reached skill level 4 in Spellcasting
  9328 | D:11     | Reached skill level 5 in Armour
  9328 | D:11     | Reached skill level 5 in Invocations
  9328 | D:11     | Noticed a boulder beetle
  9497 | D:11     | Killed a boulder beetle
  9965 | D:12     | Reached skill level 6 in Armour
  9965 | D:12     | Reached skill level 5 in Spellcasting
  9965 | D:12     | Reached skill level 6 in Invocations
 10145 | D:12     | Identified the +0 hand axe "Liolueto" {heavy, *Noise rPois
                  | Will++ SInv}
 10175 | D:12     | Reached skill level 7 in Armour
 10175 | D:12     | Reached skill level 6 in Spellcasting
 10175 | D:12     | Reached skill level 8 in Invocations
 10175 | D:12     | Reached XP level 13. HP: 79/79 MP: 20/22
 10210 | D:12     | Reached skill level 8 in Armour
 10211 | D:12     | Gained mutation: Your large and strong wings let you fly.
                  | [Gargoyle growth]
 10211 | D:12     | Reached XP level 14. HP: 84/84 MP: 22/24
 10221 | D:12     | Found a staircase to the Orcish Mines.
 10649 | D:13     | Found a frozen archway.
 10662 | IceCv    | Entered an ice cave
 10672 | IceCv    | Learned a level 4 spell: Passage of Golubria
 10865 | IceCv    | Reached skill level 7 in Spellcasting
 11290 | IceCv    | Found the amulet of the Air {Inacc Air Fly rElec RMsl}
 11317 | IceCv    | Identified the +4 long sword "Orb Guardian's Doom" {drain,
                  | Int+3}
 11431 | D:13     | Reached skill level 9 in Invocations
 11444 | D:13     | Reached skill level 9 in Armour
 11513 | D:13     | Found a portal to a secret trove of treasure.
 11513 | D:13     | Reached **** piety under Hepliaklqana
 11761 | D:13     | HP: 9/84 [something/shard of ice (20)]
 12140 | D:13     | Reached skill level 8 in Spellcasting
 12368 | D:13     | Reached skill level 10 in Armour
 12368 | D:13     | Reached skill level 10 in Invocations
 12671 | D:13     | Found the -2 hat of the Alchemist {rElec rPois rF+ rC+ rN+
                  | Will+ rMut rCorr}
 13202 | D:14     | Reached skill level 9 in Spellcasting
 13379 | D:14     | Reached skill level 11 in Invocations
 13476 | D:14     | Found a stormy altar of Qazlal.
 13671 | D:14     | Reached XP level 15. HP: 88/88 MP: 28/28
 13794 | D:14     | Found a basalt altar of Yredelemnul.
 13806 | D:14     | Paralysed by something for 2 turns
 13807 | D:14     | HP: 16/88 [wolf spider simulacrum (11)]
 13841 | D:14     | Paralysed by something for 2 turns
 13843 | D:14     | HP: 4/88 [something (20)]
 13852 | D:14     | HP: 8/88 [something (12)]
 13863 | D:13     | HP: 22/88 [something (6)]
 13869 | D:13     | Reached skill level 10 in Spellcasting
 14088 | D:14     | Reached skill level 12 in Invocations
 14143 | D:14     | Reached skill level 1 in Earth Magic
 14147 | D:14     | Reached skill level 1 in Translocations
 14147 | D:14     | Reached skill level 1 in Evocations
 14149 | D:14     | Reached skill level 1 in Transmutations
 14158 | D:14     | Reached skill level 2 in Earth Magic
 14210 | D:14     | Found a gate to the Vaults.
 14371 | D:15     | Entered Level 15 of the Dungeon
 14371 | D:15     | Noticed Roxanne
 14386 | D:15     | Killed Roxanne
 14472 | D:15     | Reached skill level 2 in Translocations
 14472 | D:15     | Reached skill level 2 in Evocations
 14592 | Lair:1   | Entered Level 1 of the Lair of Beasts
 14624 | Lair:1   | Reached skill level 2 in Transmutations
 14624 | Lair:1   | Reached skill level 3 in Earth Magic
 15332 | Lair:2   | Found a bloodstained altar of Trog.
 15341 | Lair:2   | Reached skill level 4 in Earth Magic
 15491 | Lair:2   | Reached skill level 3 in Translocations
 15491 | Lair:2   | Reached skill level 3 in Evocations
 15552 | Lair:2   | Reached ***** piety under Hepliaklqana
 15734 | Lair:2   | Identified the +2 leather armour "Igiypi" {Contam Str-2
                  | Slay+4 SInv}
 16215 | Lair:3   | Found a staircase to the Snake Pit.
 16320 | Lair:3   | Reached skill level 3 in Transmutations
 16424 | Lair:3   | Noticed Kirke
 16436 | Lair:3   | Killed Kirke
 16525 | Lair:3   | Reached skill level 5 in Earth Magic
 16901 | Lair:3   | Noticed Snorg
 16908 | Lair:3   | Killed Snorg
 17093 | Lair:3   | Found a staircase to the Swamp.
 17222 | Lair:3   | Reached skill level 4 in Evocations
 17226 | Lair:3   | Reached skill level 4 in Translocations
 17376 | Lair:4   | Acquired the ring of Past Mistakes {rF+ rN+ Dex+4}
 17753 | Lair:4   | Reached skill level 4 in Transmutations
 17768 | Lair:4   | Reached skill level 6 in Earth Magic
 18155 | Lair:5   | Entered Level 5 of the Lair of Beasts
 18201 | Lair:5   | Reached XP level 16. HP: 89/93 MP: 30/30
 18207 | Lair:5   | Reached skill level 5 in Translocations
 18207 | Lair:5   | Reached skill level 5 in Evocations
 18280 | Lair:5   | Reached skill level 5 in Transmutations
 18283 | Lair:4   | HP: 16/93 [cane toad (9)]
 18534 | Lair:5   | Identified the +3 leather armour "Doto" {Int+2}
 18779 | Lair:5   | Reached skill level 6 in Translocations
 18779 | Lair:5   | Reached skill level 6 in Evocations
 18866 | Lair:5   | Found a runed translucent door.
 19066 | Lair:5   | Reached skill level 6 in Transmutations
 19282 | Lair:5   | Reached skill level 7 in Translocations
 19287 | Lair:5   | Reached skill level 7 in Evocations
 19442 | Lair:5   | Found a viscous altar of Jiyva.
 19442 | Lair:5   | Found a staircase to the Slime Pits.
 19907 | Orc:1    | Entered Level 1 of the Orcish Mines
 19949 | Orc:1    | Noticed Josephine
 19956 | Orc:1    | Killed Josephine
 19990 | Orc:1    | You are sucked into a shaft and drop 1 floor!
 19990 | Orc:2    | Entered Level 2 of the Orcish Mines
 20048 | Orc:2    | Reached skill level 8 in Translocations
 20332 | Orc:1    | Reached skill level 8 in Evocations
 20386 | Orc:1    | Reached ****** piety under Hepliaklqana
 20946 | Orc:2    | Found a staircase to the Elven Halls.
 21109 | Orc:2    | Reached XP level 17. HP: 86/97 MP: 31/31
 21135 | Orc:2    | Found Hyolesk's Jewellery Shoppe.
 21709 | Orc:2    | Found Hicusecw's Magic Scroll Boutique.
 21709 | Orc:2    | Found Tiffio Cumi's Antique Armour Shop.
 21710 | Orc:2    | Found Betofawi's Book Shop.
 21714 | Orc:2    | Found Woleamme's Distillery.
 22169 | D:14     | Reached skill level 9 in Translocations
 22169 | D:14     | Reached skill level 9 in Evocations
 22634 | D:15     | Found a staircase to the Depths.
 23379 | Swamp:1  | Entered Level 1 of the Swamp
 23410 | Swamp:1  | Reached skill level 10 in Translocations
 23410 | Swamp:1  | Reached skill level 10 in Evocations
 23511 | Swamp:1  | Reached skill level 2 in Dodging
 23754 | Swamp:1  | Reached skill level 3 in Dodging
 24183 | Swamp:2  | Reached skill level 4 in Dodging
 24204 | Swamp:2  | Noticed Donald
 24212 | Swamp:2  | Killed Donald
 24659 | Swamp:3  | Reached skill level 5 in Dodging
 25257 | Swamp:4  | Entered Level 4 of the Swamp
 25405 | Swamp:4  | Reached skill level 6 in Dodging
 25433 | Swamp:4  | Reached skill level 11 in Evocations
 25686 | Swamp:4  | Reached XP level 18. HP: 85/102 MP: 23/32
 25786 | Swamp:4  | Reached skill level 7 in Dodging
 25832 | Swamp:4  | Noticed a bone dragon
 26070 | Swamp:4  | Killed a bone dragon
 26283 | Swamp:4  | Got a decaying rune of Zot
 26467 | Snake:1  | Entered Level 1 of the Snake Pit
 26545 | Lair:3   | Learned a level 3 spell: Portal Projectile
 26587 | Snake:1  | Reached skill level 8 in Dodging
 26946 | Snake:1  | Found Axutiwei's Jewellery Boutique.
 26946 | Snake:1  | Found Largh's Assorted Antiques.
 26958 | Snake:1  | Bought a faintly glowing leather armour for 259 gold pieces
 26958 | Snake:1  | Identified the +2 leather armour of Fohu {Dex+2} (You
                  | bought it in a shop on level 1 of the Snake Pit)
 26965 | Snake:1  | Found Fiuseg's General Store.
 26965 | Snake:1  | Found Huhufimp's Weapon Shop.
 26965 | Snake:1  | Found Duijevai's Armour Shoppe.
 26969 | Snake:1  | Bought a potion of haste for 190 gold pieces
 27071 | Snake:2  | Noticed Agnes
 27204 | Snake:2  | Reached skill level 12 in Evocations
 27248 | Snake:2  | Killed Agnes
 27249 | Snake:2  | Reached skill level 9 in Dodging
 27402 | Snake:2  | Found Jymisatt's Distillery.
 27402 | Snake:2  | Found Umett's Jewellery Shoppe.
 27415 | Snake:2  | Bought a potion of heal wounds for 90 gold pieces
 27415 | Snake:2  | Bought a potion of heal wounds for 90 gold pieces
 27446 | Snake:2  | Reached skill level 1 in Hexes
 27486 | Snake:2  | Reached skill level 10 in Dodging
 27488 | Snake:2  | Noticed Vashnia
 27755 | Snake:2  | Killed Vashnia
 27756 | Snake:2  | Reached skill level 2 in Hexes
 27890 | Snake:2  | Reached skill level 3 in Hexes
 28152 | Snake:2  | Reached XP level 19. HP: 107/107 MP: 33/33
 28200 | Snake:2  | Reached skill level 11 in Dodging
 28317 | Snake:2  | Found a runed translucent door.
 28317 | Snake:2  | Found a shimmering altar of Xom.
 28317 | Snake:2  | Noticed greenbourne's ghost (adept FoIE)
 28535 | Snake:3  | Reached skill level 4 in Hexes
 28604 | Snake:3  | Found a flickering gateway to a bazaar.
 28627 | Bazaar   | Entered a bazaar
 28627 | Bazaar   | Found Xuew's Antique Weapon Shop.
 28627 | Bazaar   | Found Qicin's Antique Weapon Emporium.
 28627 | Bazaar   | Found Foatuthre's Weapon Shop.
 28627 | Bazaar   | Found Vigosk's Distillery.
 28676 | Bazaar   | Bought a potion of curing for 48 gold pieces
 28676 | Bazaar   | Bought a potion of lignification for 48 gold pieces
 28894 | Snake:3  | Reached skill level 5 in Hexes
 28955 | Snake:3  | Noticed Aizul
 28963 | Snake:3  | Killed Aizul
 29275 | Snake:3  | Reached skill level 12 in Dodging
 29529 | Snake:4  | Entered Level 4 of the Snake Pit
 29620 | Snake:4  | Reached skill level 6 in Hexes
 29949 | Snake:4  | Noticed Bai Suzhen
 29957 | Snake:4  | Killed Bai Suzhen
 30283 | Snake:4  | Noticed Louise
 30288 | Snake:4  | stopotab: jesus you are so strong
 30315 | Snake:4  | stopotab: my god you are so STACKED dude holy fuck
 30333 | Snake:4  | Killed Louise
 30369 | Snake:4  | Found Wuycuvea's Jewellery Shop.
 30369 | Snake:4  | Found Bawoorph's Book Shoppe.
 30371 | Snake:4  | Found Wuloc's Jewellery Shop.
 30386 | Snake:4  | Bought a book of Winter for 442 gold pieces
 30390 | Snake:4  | Learned a level 3 spell: Ozocubu's Armour
 30584 | Snake:4  | stopotab: lol
 30789 | Snake:4  | Reached skill level 14 in Fighting
 30854 | Snake:4  | HP: 27/108 [constriction (6)]
 30865 | Snake:4  | Reached skill level 11 in Armour
 31076 | Snake:4  | stopotab: insane
 31087 | Snake:4  | Got a serpentine rune of Zot
 31103 | Snake:4  | Reached XP level 20. HP: 114/114 MP: 34/34
 31328 | Vaults:1 | Entered Level 1 of the Vaults
 31361 | Vaults:1 | Found Basos's Book Shop.
 31429 | Vaults:1 | Found a magical portal.
 31438 | WizLab   | Entered The Chambers of the Cloud Mage
 31455 | WizLab   | Paralysed by an air elemental for 1 turns
 31467 | WizLab   | Paralysed by an air elemental for 1 turns
 31471 | WizLab   | Paralysed by an air elemental for 1 turns
 31476 | WizLab   | HP: 28/114 [apocalypse crab (2)]
 31478 | WizLab   | Killed from afar by a spriggan air mage

Illustrated notes

Levels and vault maps discovered:
D:1:      lemuel_arrival_cross, layout_rooms,
          hellmonk_ecumenical_altar_arch_garden
D:2:      layout_basic, basic_altar
D:3:      layout_loops_corners, lemuel_tele_altar, uniq_crazy_yiuf_cottage,
          uniq_grinder
D:4:      layout_basic, serial_shops, shop, minmay_cut_off, uniq_blork_the_orc,
          uniq_ijyb, uniq_sigmund
D:5:      layout_loops_ring, grunt_temple_overflow_opulence,
          minmay_temple_entry_fiery, uniq_prince_ribbit1
D:6:      layout_rooms, st_stairs_2
D:7:      layout_rooms, gammafunk_temple_overflow_claw, enter_ossuary_4,
          minmay_manual_moon
D:8:      layout_basic, uniq_maurice
D:9:      layout_rooms, pf_guarded_unrand_meek, uniq_harold
D:10:     layout_rooms, minmay_fire_ice_demons, uniq_fannar
D:11:     nzn_winding_woodlands_stair_cross
          [nzn_winding_woodlands_5x15_pathside_ponds,
          nzn_winding_woodlands_center_diamonds,
          nzn_winding_woodlands_5x15_default,
          nzn_winding_woodlands_5x5_checkerboard,
          nzn_winding_woodlands_5x5_three,
          nzn_winding_woodlands_5x15_river_crossing,
          nzn_winding_woodlands_center_triple_pond,
          nzn_winding_woodlands_5x15_longhouse], layout_long_grid,
          minmay_lair_entry_grove, serial_shops, shop_fountains
D:12:     layout_rooms, orc_0_dummy, hangedman_decor_diamond_cutter
D:13:     minmay_triangles_in_corner, layout_gridville, enter_trove_1,
          portal_ice_cave_entry_imps
D:14:     lemuel_vampire_tower, layout_cave_pools, david_vaults_5,
          grunt_qazlal_clouds
D:15:     hangedman_depths_entry_civil_slaughter, layout_loops_ring,
          chequers_jeans, drop_trap, uniq_roxanne
Temple:   eino_temple_rhombus
Lair:1:   beast_lair_carwin_large_1, layout_chaotic_city
Lair:2:   layout_regular_city, basic_altar, grunt_megastairs_5
Lair:3:   layout_regular_city, nicolae_swamp_entry_splash_gauntlet,
          minmay_snake_entry_guardpost_small, uniq_kirke, uniq_snorg
Lair:4:   layout_roguey, infiniplex_staircase_pool_2, serial_bayou_shore_a
Lair:5:   wormcave, layout_regular_city, hangedman_lair_tendril_chambers,
          dpeg_slime_entry_enclosed, pdpol_lair_neglected_garden
Swamp:1:  layout_basic_swamp, evilmike_swamp_ruin_rubble_2
Swamp:2:  layout_basic_swamp, serial_swamp_ruin, evilmike_swamp_ruin_rubble_1,
          evilmike_swamp_ruin_house_1, uniq_donald
Swamp:3:  layout_falls_marsh, evilmike_swamp_ruin_house_3
Swamp:4:  swamp_pestilence, layout_basic_swamp, nicolae_swamp_very_dense_foliage
Snake:1:  layout_onion, nicolae_snake_serpentine_bazaar
Snake:2:  nrook_guardian_serpent_snake_passage, layout_onion_interference,
          ebering_ghost_xom, hangedman_snake_corridor_cut, minmay_shoptagon,
          uniq_vashnia, uniq_agnes
Snake:3:  nicolae_aizul_guard, layout_gridlike, serial_shops, bzr_in_the_mist,
          nicolae_snake_gridmaze_tees, uniq_aizul
Snake:4:  grunt_snake_rune_pools, layout_gridlike, st_stairs_6,
          nicolae_snake_shapes, nicolae_triple_integral, serial_bayou_shore_b,
          minmay_shop_grove, uniq_louise, uniq_bai_suzhen
Orc:1:    dreamdust_under_siege, layout_diamond_mine, elves_outpost_lemuel,
          uniq_josephine
Orc:2:    st_orc_mages, layout_caves, serial_shops, shop_statue
Vaults:1: mu_enter_wizlab_3, grunt_vaults_hallway_long,
          nicolae_vaults_network_periphery, nicolae_vaults_circle_grid_a,
          nicolae_vaults_gold_heap, dpeg_vaults_monster_box,
          hangedman_vaults_trim, layout_vaults_omnicross, serial_shops,
          nicolae_shop_hallway_plus
WizLab:   wizlab_cloud

Skill      XL: |  1  2  3  4  5  6  7  8  9 10 11 12 13 14 15 16 17 18 19 |
---------------+----------------------------------------------------------+-----
Fighting       | 3 4 5 6 7 9 10 13 14 | 14.2
Ranged Weapons | 5 6 7 8 10 11 13 15 | 15.9
Armour         | 1 7 8 10 11 | 11.4
Spellcasting   | 1 6 9 10 | 10.0
Invocations    | 1 8 11 12 | 12.0
Earth Magic    | 6 |  6.0
Translocations | 4 8 10 | 10.0
Evocations     | 4 8 11 12 | 12.0
Transmutations | 4 6 |  6.0
Dodging        | 6 10 12 | 12.0
Hexes          | 3 6 |  6.0
Stealth        | |  1.1

Action                     |  1- 3 |  4- 6 |  7- 9 | 10-12 | 13-15 | 16-18 | 19-21 || total
---------------------------+-------+-------+-------+-------+-------+-------+-------++-------
   Fire: Shortbow          |   130 |   131 |   237 |       |       |       |       ||   498
         Arbalest          |       |       |    89 |   360 |   757 |  1257 |   384 ||  2847
   Cast: Wereblood         |       |       |       |       |     1 |    10 |     4 ||    15
         Portal Projectile |       |       |       |       |       |       |     1 ||     1
 Invoke: Ancestor Life: Kn |       |       |       |     1 |       |       |       ||     1
         Recall Ancestor   |       |       |       |       |     8 |     7 |     4 ||    19
         Idealise          |       |       |       |       |     1 |     8 |     5 ||    14
         Transference      |       |       |       |       |       |       |     3 ||     3
  Evoke: Wand              |       |       |       |       |       |     1 |     1 ||     2
    Use: Scroll            |       |       |    22 |     7 |    11 |     4 |     3 ||    47
         Potion            |       |       |       |     1 |     5 |       |       ||     6
 Armour: Leather armour    |    21 |    27 |    49 |    89 |   214 |   177 |    72 ||   649
  Dodge: Dodged            |    31 |    88 |   137 |   160 |   384 |   550 |   379 ||  1729
         Repelled          |       |       |       |       |       |     4 |     6 ||    10
  Block: Other             |       |       |       |       |    21 |    31 |       ||    52
         Reflection        |       |       |       |       |       |     1 |       ||     1

Table legend: (Time is in decaauts)
 A = Elapsed time spent in this place.
 B = Non-inter-level travel time spent in this place.
 C = Inter-level travel time spent in this place.
 D = Time resting spent in this place.
 E = Time spent auto-exploring this place.
 F = Levels seen in this place.
 G = Mean time per level.
                   A        B        C        D        E       F      G
               +--------+--------+--------+--------+--------+-----+--------+
         Total |  32154 |  29205 |   2949 |    115 |  21753 |  36 |  893.2 |
       Dungeon |  15077 |  13432 |   1645 |      4 |  10228 |  15 | 1005.1 |
        Temple |    197 |    158 |     39 |      0 |    144 |   1 |  197.0 |
          Lair |   5576 |   4924 |    652 |      0 |   4027 |   5 | 1115.2 |
         Swamp |   3106 |   2936 |    170 |     35 |   2292 |   4 |  776.5 |
     Snake Pit |   4824 |   4540 |    284 |     28 |   3152 |   4 | 1206.0 |
  Orcish Mines |   2251 |   2094 |    157 |     48 |   1294 |   2 | 1125.5 |
        Vaults |    110 |    110 |      0 |      0 |      0 |   1 |  110.0 |
        Bazaar |     61 |     61 |      0 |      0 |     50 |   1 |   61.0 |
       Ossuary |    164 |    164 |      0 |      0 |     95 |   1 |  164.0 |
      Ice Cave |    740 |    740 |      0 |      0 |    467 |   1 |  740.0 |
        Wizlab |     43 |     43 |      0 |      0 |      3 |   1 |   43.0 |
               +--------+--------+--------+--------+--------+-----+--------+

Top non-repeatable levels by time:
    D:13: 1906 daAuts
 Snake:4: 1643 daAuts
    D:14: 1532 daAuts
    D:11: 1404 daAuts
  Lair:5: 1384 daAuts
   Orc:2: 1311 daAuts
 Snake:2: 1242 daAuts
  Lair:3: 1230 daAuts
     D:3: 1188 daAuts
  Lair:4: 1171 daAuts
 Swamp:4: 1161 daAuts
     D:5: 1083 daAuts
 Snake:3: 983 daAuts
     D:2: 972 daAuts
    D:12: 965 daAuts

Table legend:
 A = Kills in this place as a percentage of kills in the entire game.
 B = Kills by you in this place as a percentage of kills by you in the entire game.
 C = Kills by friends in this place as a percentage of kills by friends in the entire game.
 D = Other kills in this place as a percentage of other kills in the entire game.
 E = Experience gained in this place as a percentage of experience gained in the entire game.
 F = Experience gained in this place divided by the number of levels of this place that you have seen.
                   A       B       C       D       E      F
               +-------+-------+-------+-------+-------+----------------------
         Total | 100.0 | 100.0 | 100.0 |   N/A | 100.0 | 10679.8
       Dungeon |  34.0 |  37.0 |  21.1 |   N/A |  22.8 | 5837.5
          Lair |  17.5 |  16.6 |  21.5 |   N/A |  16.9 | 12983.4
         Swamp |   9.0 |   9.4 |   7.5 |   N/A |  15.1 | 14469.5
     Snake Pit |  20.0 |  17.2 |  32.0 |   N/A |  36.6 | 35218.8
  Orcish Mines |  11.5 |  11.3 |  12.3 |   N/A |   5.6 | 10828.0
        Vaults |   0.1 |   0.1 |   0.0 |   N/A |   0.2 | 866.0
       Ossuary |   2.6 |   2.2 |   3.9 |   N/A |   0.1 | 392.0
      Ice Cave |   4.6 |   5.2 |   1.8 |   N/A |   1.4 | 5224.0
        Wizlab |   0.7 |   0.8 |   0.0 |   N/A |   1.3 | 5101.0
               +-------+-------+-------+-------+-------+----------------------
